 Dungeon Crawl Stone Soup version 0.28-a0-595-g9f6c0e134a (webtiles) character file.

Game seed: 17025858007685187720

2362 graki42 the Chopper (level 9, -2/120 HPs)
             Began as a Hill Orc Fighter on Oct 4, 2021.
             Was a Follower of Makhleb.
             Succumbed to a gnoll sergeant's poison
             ... on level 8 of the Dungeon.
             The game lasted 00:12:37 (8680 turns).

graki42 the Chopper (Hill Orc Fighter)              Turns: 8680, Time: 00:12:38

Health: -2/120     AC: 24    Str: 28    XL:     9   Next: 44%
Magic:  13/13      EV:  2    Int:  8    God:    Makhleb [*.....]
Gold:   360        SH:  5    Dex: 10    Spells: 8/8 levels left

rFire   . . .      SeeInvis +   l - +0 hand axe (freeze)
rCold   . . .      Faith    .   c - +0 buckler
rNeg    . . .      Spirit   .   (armour currently unavailable)
rPois   +          Reflect  .   (helmet currently unavailable)
rElec   .          Harm     .   (cloak currently unavailable)
rCorr   .          Rampage  .   (gloves currently unavailable)
Will    .....      NoTele   +   (boots currently unavailable)
Stlth   +.........              (no amulet)
HPRegen 0.30/turn               t - ring of see invisible
MPRegen 0.13/turn               o - +6 ring of strength

@: lethally poisoned (-2 -> -21), tree-form
A: stationary, stasis, torment immunity, boosted hp
a: Renounce Religion


You were on level 8 of the Dungeon.
You worshipped Makhleb.
Makhleb was aware of your devotion.
You were a tree.
You visited 2 branches of the dungeon, and saw 9 of its levels.

You collected 360 gold pieces.

Inventory:

Hand Weapons
 l - a +0 hand axe of freezing (weapon)
Armour
 b - a +0 scale mail (melded)
 c - a +0 buckler (worn)
 f - a +2 hat (melded)
Jewellery
 a - a +6 ring of intelligence
 g - a ring of positive energy
 o - a +6 ring of strength (right branch)
 t - a ring of see invisible (left branch)
 w - a ring of resist corrosion
 C - a +6 ring of strength
Wands
 x - a wand of polymorph (4)
 B - a wand of mindburst (14)
Scrolls
 e - a scroll of vulnerability {unknown}
 j - 3 scrolls of identify {unknown}
 p - 3 scrolls of immolation {unknown}
 s - a scroll of enchant armour {unknown}
 u - a scroll of blinking {unknown}
 y - 2 scrolls of enchant weapon {unknown}
 z - a scroll of noise {unknown}
Potions
 d - a potion of might
 h - 2 potions of curing {unknown}
 i - 2 potions of attraction {unknown}
 k - a potion of lignification
 m - a potion of mutation {unknown}
 n - 2 potions of berserk rage {unknown}
 q - a potion of flight {unknown}
 r - a potion of degeneration {unknown}
 v - 2 potions of heal wounds {unknown}
 A - 2 potions of brilliance {unknown}


   Skills:
 + Level 7.7 Fighting
 + Level 7.9 Axes
 + Level 7.0 Armour
 + Level 7.0 Shields
 + Level 6.1 Invocations


You had 8 spell levels left.
You didn't know any spells.
Your spell library contained the following spells:

 Spells                   Type           Power      Damage    Failure   Level
 Animate Skeleton         Necr           0%         N/A       41%         1
 Freeze                   Ice            0%         1d3       41%         1
 Sandblast                Erth           0%         2d4       41%         1
 Blink                    Tloc           N/A        N/A       54%         2
 Ozocubu's Armour         Ice            0%         N/A       78%         3
 Manifold Assault         Tloc           0%         N/A       100%        5
 Ozocubu's Refrigeration  Ice            0%         4d5       100%        7
 Storm Form               Tmut/Air       0%         N/A       100%        7


Dungeon Overview and Level Annotations

Branches:
Dungeon (8/15)             Temple (1/1) D:4
   Lair: D:8-11

Altars:
Ashenzari
Cheibriados
Fedhas
Gozag
Hepliaklqana
Kikubaaqudgha
Makhleb
Nemelex Xobeh
Qazlal
Ru
Sif Muna
Trog
Uskayaw
Wu Jian
Xom
Yredelemnul
Zin
The Shining One

Shops:
D:5 (![   D:6 =

Annotations:
D:6 2 transporters


Message History

You feel very sick. The gnoll hits you but does no damage.
The gnoll sergeant hits you with a +2 spear of venom.
* * * LOW HITPOINT WARNING * * *
You are lethally poisoned!
You hit the gnoll sergeant but do no damage.
You hit the gnoll. You freeze the gnoll. You hit the gnoll.
You freeze the gnoll.
You kill the gnoll!
Makhleb accepts your kill.
You feel better.
* * * LOW HITPOINT WARNING * * *
You feel very sick. The gnoll hits you but does no damage.
The gnoll sergeant hits you with a +2 spear of venom.
* * * LOW HITPOINT WARNING * * *
You are more poisoned.
Really quaff the potion of lignification?
Okay, then.
Really quaff the potion of lignification?
You turn into a tree.
Your +2 hat melds into your body.
Your +0 scale mail melds into your body.
Your roots penetrate the ground.
* * * LOW HITPOINT WARNING * * *
You feel extremely sick. The gnoll hits you but does no damage.
The gnoll sergeant hits you with a +2 spear of venom.
* * * LOW HITPOINT WARNING * * *
Okay, then.
You hit the gnoll sergeant but do no damage.
You hit the gnoll. You freeze the gnoll.
You kill the gnoll!
Makhleb accepts your kill.
You feel better.
* * * LOW HITPOINT WARNING * * *
You feel very sick.
The gnoll sergeant hits you with a +2 spear of venom.
* * * LOW HITPOINT WARNING * * *
You hit the gnoll sergeant but do no damage.
You die...

## #. ###.##.
###. .......
.##... .#...(.
...... .....
....##...#
#..#...# #..<)#
#..♣)#
#....#g.#
##...#.....
#.........#
........#...#
.........##....
##......###
.... .......
...


You could see a gnoll sergeant.

Vanquished Creatures
  2 trolls
  Sigmund (D:4)
  Edmund (D:5)
  Duvessa (D:4)
  A black bear (D:5)
  A necrophage (D:5)
  An ogre (D:5)
  A centaur (D:6)
  A kobold brigand (D:7)
  Blork the orc (D:6)
  A gnoll sergeant (D:7)
  A wyvern zombie (D:6)
  A scorpion (D:5)
  Dowan (D:4)
  A water moccasin skeleton (D:3)
  A howler monkey (D:5)
  A centaur zombie (D:6)
  3 hounds
  2 orc priests
  2 jellies
  Ijyb (D:5)
  A gnoll shaman (D:6)
  4 iguanas
  A killer bee zombie (D:7)
  A hound skeleton (D:3)
  3 adders
  17 gnolls
  A white imp (D:7)
  2 ufetubi
  2 adder skeletons (D:3)
  2 dart slugs (D:1)
  11 orcs
  7 ball pythons
  5 endoplasms
  15 giant cockroaches
  5 goblins
  10 hobgoblins
  4 jackals (D:1)
  8 kobolds
  2 quokkas (D:4)
  A ball python zombie (D:3)
  9 bats
  2 frilled lizards (D:2)
  5 rats
144 creatures vanquished.

Vanquished Creatures (others)
  2 withered plants (D:3)
2 creatures vanquished.

Grand Total: 146 creatures vanquished

Notes
Turn   | Place    | Note
-------+----------+-------------------------------------------
     0 | D:1      | graki42 the Hill Orc Fighter began the quest for the Orb.
     0 | D:1      | Reached XP level 1. HP: 19/19 MP: 1/1
    22 | D:1      | Found a blossoming altar of Fedhas.
   160 | D:1      | Reached XP level 2. HP: 27/27 MP: 2/2
   314 | D:1      | Found a faded altar of an unknown god.
   681 | D:1      | Reached XP level 3. HP: 23/33 MP: 3/3
  1349 | D:2      | Reached XP level 4. HP: 34/40 MP: 4/4
  2069 | D:3      | Reached XP level 5. HP: 21/47 MP: 5/5
  2427 | D:3      | Reached skill level 5 in Fighting
  2826 | D:4      | Reached XP level 6. HP: 55/56 MP: 6/6
  2858 | D:4      | Found a staircase to the Ecumenical Temple.
  2864 | Temple   | Entered the Ecumenical Temple
  2951 | Temple   | Became a worshipper of Makhleb the Destroyer
  3280 | D:4      | Found a broken altar of Ashenzari.
  3415 | D:4      | Noticed Duvessa
  3415 | D:4      | Noticed Dowan
  3428 | D:4      | Killed Duvessa
  3429 | D:4      | Reached skill level 1 in Invocations
  3434 | D:4      | Killed Dowan
  3435 | D:4      | Reached skill level 5 in Axes
  3871 | D:4      | Noticed Sigmund
  3888 | D:4      | Killed Sigmund
  3889 | D:4      | Reached skill level 5 in Armour
  3889 | D:4      | Reached skill level 5 in Shields
  3889 | D:4      | Reached XP level 7. HP: 57/62 MP: 8/8
  3989 | D:5      | Entered Level 5 of the Dungeon
  3989 | D:5      | Found Alet's Weapon Shop.
  3999 | D:5      | Noticed a troll
  4010 | D:5      | Killed a troll
  4322 | D:5      | Got An Initiation to the Arcane Arts
  4336 | D:5      | Found Liegur's Antique Armour Shoppe.
  4352 | D:5      | Reached XP level 8. HP: 69/70 MP: 10/10
  4372 | D:5      | Noticed Ijyb
  4394 | D:5      | Killed Ijyb
  4899 | D:5      | Noticed Edmund
  4915 | D:5      | Killed Edmund
  5239 | D:5      | Found Hualer's Distillery.
  5365 | D:5      | Found a hazy altar of Hepliaklqana.
  6107 | D:6      | Found Ruodghet's Jewellery Emporium.
  6198 | D:6      | Reached skill level 5 in Invocations
  6372 | D:6      | Found a hide-covered altar of Uskayaw.
  6430 | D:6      | Found a transporter.
  6438 | D:6      | Noticed Blork the orc
  6454 | D:6      | Killed Blork the orc
  6456 | D:6      | Reached XP level 9. HP: 10/79 MP: 12/12
  6807 | D:6      | Found a sacrificial altar of Ru.
  6910 | D:6      | Found a transporter.
  7609 | D:7      | Noticed a four-headed hydra
  7730 | D:7      | Reached * piety under Makhleb
  7910 | D:7      | Noticed a troll
  7923 | D:7      | Killed a troll
  8679 | D:8      | HP: 4/120 [poisoned by a gnoll sergeant]
  8680 | D:8      | Succumbed to a gnoll sergeant's poison

Illustrated notes

Levels and vault maps discovered:
D:1:      dpeg_arrival_lava_altar, layout_loops_ring, serial_forest,
          infiniplex_forest_end_2, infiniplex_forest_straight_4,
          infiniplex_forest_clump_medium, infiniplex_forest_clump_small,
          infiniplex_forest_zigzag_2, infiniplex_forest_lined_corner,
          infiniplex_forest_lined_corner, infiniplex_forest_clump_large,
          infiniplex_forest_clump_tiny, hellmonk_ecumenical_altar_arch_garden
D:2:      layout_rooms
D:3:      minmay_roachtagon, layout_loops_ring, serial_undead, serial_undead_a,
          serial_undead_c, serial_undead_a, serial_undead_d
D:4:      layout_basic, cheibrodos_ashenzari_chains, minmay_temple_entry_ruins,
          uniq_duvessa, uniq_sigmund
D:5:      layout_loops_ring, worldfamousw_hep_ancestral_shrine, serial_shops,
          nicolae_shop_stone, nicolae_stop_n_shop_1, shop,
          hangedman_decor_growths, uniq_ijyb, uniq_edmund
D:6:      gammafunk_cloud_chamber, layout_rooms, mainiacjoe_overflow_brackets,
          nicolae_ru_the_path_less_chosen, serial_shops,
          nicolae_take_the_stairs, chequers_serial_rivers_room_b, minivault_26,
          corexii_corridor_pit, st_stairs_13, kennysheep_cluttered_room,
          uniq_blork_the_orc
D:7:      layout_gridville, minmay_misc_feat_nine_boxes, minmay_holes,
          lightli_corner_chamber
D:8:      layout_cave_pools, minmay_overflow_temple_star_quad, erik_lair_island,
          serial_bayou_ford_a
Temple:   zaba_magenta_temple

Skill      XL: |  1  2  3  4  5  6  7  8  9 |
---------------+----------------------------+-----
Axes           | 3 4 5 6 7 |  7.9
Fighting       | 4 5 6 7 |  7.7
Armour         | 4 5 6 7 |  7.0
Shields        | 4 5 6 7 |  7.0
Invocations    | 2 3 5 6 |  6.1

Action                   |  1- 3 |  4- 6 |  7- 9 || total
-------------------------+-------+-------+-------++-------
Melee: War axe           |    67 |       |       ||    67
       Hand axe          |    11 |   212 |   272 ||   495
       Unarmed           |       |       |     3 ||     3
  Use: Potion            |       |       |     2 ||     2
Armor: Scale mail        |    48 |    93 |   117 ||   258
       Skin              |       |       |     5 ||     5
Dodge: Dodged            |    35 |   108 |   122 ||   265
Block: Buckler           |    16 |    47 |    81 ||   144

Table legend: (Time is in decaauts)
 A = Elapsed time spent in this place.
 B = Non-inter-level travel time spent in this place.
 C = Inter-level travel time spent in this place.
 D = Time resting spent in this place.
 E = Time spent auto-exploring this place.
 F = Levels seen in this place.
 G = Mean time per level.
                   A        B        C        D        E       F      G
               +--------+--------+--------+--------+--------+-----+--------+
         Total |   8710 |   8533 |    177 |   2102 |   5272 |   9 |  967.8 |
       Dungeon |   8609 |   8445 |    164 |   2102 |   5222 |   8 | 1076.1 |
        Temple |    100 |     87 |     13 |      0 |     50 |   1 |  100.0 |
               +--------+--------+--------+--------+--------+-----+--------+

Top non-repeatable levels by time:
     D:5: 2077 daAuts
     D:6: 1541 daAuts
     D:4: 1187 daAuts
     D:3: 1148 daAuts
     D:7: 1052 daAuts
     D:1: 1051 daAuts
     D:2: 541 daAuts
  Temple: 100 daAuts
     D:8: 10 daAuts
